 Dungeon Crawl Stone Soup version 0.30-a0-21-g5d08c37080 (webtiles) character file.

Game seed: 420010536152733750

129 Plasmagod the Slasher (level 4, -3/33 HPs)
             Began as a Demonspawn Gladiator on Aug 24, 2022.
             Slain by a river rat (6 damage)
             ... on level 3 of the Dungeon.
             The game lasted 00:03:36 (2538 turns).

Plasmagod the Slasher (Demonspawn Gladiator)        Turns: 2538, Time: 00:03:37

Health: -3/33      AC:  5    Str: 15    XL:     4   Next: 88%
Magic:  4/4        EV: 12    Int:  9    God:
Gold:   145        SH:  4    Dex: 16    Spells: 3/3 levels left

rFire   . . .      SeeInvis .    a - +0 long sword
rCold   . . .      Faith    .    (no shield)
rNeg    . . .      Spirit   .    b - +0 leather armour
rPois   .          Reflect  .    c - +0 helmet
rElec   .          Harm     .    k - +0 cloak
rCorr   .          Rampage  .    (no gloves)
Will    .....                    (no boots)
Stlth   +.........               (no amulet)
HPRegen 0.11/turn                (no ring)
MPRegen 0.09/turn                (no ring)

@: very slow
A: powered by pain 2, condensation shield
a: no special abilities


You were on level 3 of the Dungeon.
You visited 1 branch of the dungeon, and saw 3 of its levels.

You collected 145 gold pieces.

Inventory:

Hand Weapons
 a - a +0 long sword (weapon)
Missiles
 d - 3 throwing nets (quivered)
 e - a javelin
Armour
 b - a +0 leather armour (worn)
 c - a +0 helmet (worn)
 k - a +0 cloak (worn)
Scrolls
 g - 2 scrolls of fear {unknown}
 h - a scroll of magic mapping {unknown}
 i - a scroll of noise {unknown}
 j - 3 scrolls of blinking {unknown}
 l - a scroll of identify {unknown}
 m - a scroll of enchant weapon {unknown}
 o - a scroll of amnesia {unknown}
 p - a scroll of fog {unknown}
Potions
 f - 2 potions of flight {unknown}
 n - a potion of brilliance {unknown}
 q - a potion of haste {unknown}


   Skills:
 - Level 2.0 Fighting
 + Level 5.1 Long Blades
 - Level 1.7 Throwing
 - Level 2.6 Dodging


You had 3 spell levels left.
You didn't know any spells.
Your spell library contained the following spells:

 Spells                   Type           Power      Damage    Failure   Level
 Foxfire                  Conj/Fire      0%         2x1d4     45%         1
 Ensorcelled Hibernation  Hex/Ice        0%         N/A       58%         2
 Passwall                 Tmut/Erth      0%         N/A       58%         2
 Conjure Flame            Conj/Fire      0%         6-21      83%         3
 Gell's Gravitas          Tloc           0%         N/A       83%         3
 Inner Flame              Hex/Fire       0%         N/A       83%         3
 Swiftness                Air            0%         N/A       83%         3
 Teleport Other           Tloc           0%         N/A       83%         3
 Flame Wave               Conj/Fire      0%         2d4       99%         4
 Dispersal                Tloc           0%         N/A       100%        6


Dungeon Overview and Level Annotations

Branches:
Dungeon (3/15)

Altars:


Innate Abilities, Weirdness & Mutations

You sometimes gain power by taking damage.
A meltable shield of frost defends you. (SH +4)


Message History

You closely miss the adder.
The adder is moderately wounded.
You block the adder's attack.
Your unstable footing causes you to fumble your attack.
The adder bites you but does no damage. The adder misses you.
Your unstable footing causes you to fumble your attack.
You block the adder's attack.
You hit the adder.
The adder is heavily wounded.
The adder bites you.
You are poisoned.
The adder poisons you! The adder bites you but does no damage.
You barely miss the adder.
The adder is heavily wounded.
You feel sick. The adder bites you but does no damage.
You barely miss the adder.
The adder is heavily wounded.
You feel sick. The adder bites you but does no damage.
You block the adder's attack.
You hit the adder.
The adder is almost dead.
You feel sick. The adder bites you but does no damage. The adder bites you.
* * * LOW HITPOINT WARNING * * *
You barely miss the adder.
The adder is almost dead.
You hear the brisk rusting of a drain.
You feel sick. The adder closely misses you.
You hit the adder.
You kill the adder!
You feel sick.
You are no longer poisoned.
You slash the river rat!
The river rat is severely wounded.
The river rat barely misses you.
You barely miss the river rat.
The river rat is severely wounded.
The river rat bites you but does no damage.
Your unstable footing causes you to fumble your attack.
The river rat bites you.
You die...

#.###########.#
##.####### #.#
#~##~.~~.## #.#
#~#~#####~# #.#
#~#~# ~##~# #.#
#†#.# #~#~# #.#
#~#~# #~#~# #.#
#~#~###r#~# #.#
#.##~†~@#~# #.#
#~#######.####.#
##~..~.~~##....##
#########.##...##
#######
########.#.....##
...<..#
#...............#
.#.##.#
#.#####.........#
.##.#.######.##
#.#.....!.#
............[ .
#.##.....####


You could see a river rat.

Vanquished Creatures
  Natasha (D:2)
  3 adders
  A river rat (D:3)
  A worm (D:2)
  2 dart slugs (D:1)
  A bat (D:3)
  4 endoplasms
  2 giant cockroaches (D:2)
  3 hobgoblins
  10 jackals
  5 quokkas
  A ball python (D:2)
  6 frilled lizards
  3 goblins
  7 kobolds
  12 rats
62 creatures vanquished.

Notes
Turn   | Place    | Note
-------+----------+-------------------------------------------
     0 | D:1      | Plasmagod the Demonspawn Gladiator began the quest for the
                  | Orb.
     0 | D:1      | Reached XP level 1. HP: 16/16 MP: 1/1
   165 | D:1      | Reached skill level 3 in Long Blades
   426 | D:1      | Gained mutation: A meltable shield of frost defends you.
                  | (SH +4) [demonic ancestry]
   426 | D:1      | Reached XP level 2. HP: 22/22 MP: 2/2
   726 | D:1      | Found a faded altar of an unknown god.
  1490 | D:2      | Gained mutation: You sometimes gain a little power by
                  | taking damage. [demonic ancestry]
  1490 | D:2      | Reached XP level 3. HP: 27/27 MP: 3/3
  1574 | D:2      | Reached skill level 4 in Long Blades
  1880 | D:2      | Noticed Natasha
  1888 | D:2      | Killed Natasha
  1889 | D:2      | Gained mutation: You sometimes gain power by taking damage.
                  | [demonic ancestry]
  1889 | D:2      | Reached XP level 4. HP: 27/33 MP: 4/4
  2494 | D:3      | Reached skill level 5 in Long Blades
  2538 | D:3      | Slain by a river rat

Illustrated notes

Levels and vault maps discovered:
D:1:      nagdon_arrival_double_spiral, layout_basic,
          shapermc_ecumenical_altar_flowoftime, minmay_misc_feat_secret_circle,
          minmay_rat_gold_closets
D:2:      wad_pebble_path, layout_basic, uniq_natasha
D:3:      layout_loops_cross, nicolae_hepliaklqana_ecumenical_no_more,
          elyvilon_altar_5, gup_sewer_entry_spiral

Skill      XL: |  1  2  3  4 |
---------------+-------------+-----
Long Blades    | 3 4 5 |  5.1
Fighting       | |  2.0
Throwing       | |  1.7
Dodging        | |  2.6

Action                   |  1- 3 |  4- 6 || total
-------------------------+-------+-------++-------
Melee: Long sword        |   118 |    85 ||   203
 Stab: Sleeping          |     2 |     1 ||     3
       Distracted        |     1 |     1 ||     2
Armor: Leather armour    |    22 |    46 ||    68
Dodge: Dodged            |    64 |    84 ||   148
Block: Other             |    12 |    28 ||    40

Table legend: (Time is in decaauts)
 A = Elapsed time spent in this place.
 B = Non-inter-level travel time spent in this place.
 C = Inter-level travel time spent in this place.
 D = Time resting spent in this place.
 E = Time spent auto-exploring this place.
 F = Levels seen in this place.
 G = Mean time per level.
                   A        B        C        D        E       F      G
               +--------+--------+--------+--------+--------+-----+--------+
         Total |   2593 |   2550 |     43 |      0 |   2005 |   3 |  864.3 |
       Dungeon |   2593 |   2550 |     43 |      0 |   2005 |   3 |  864.3 |
               +--------+--------+--------+--------+--------+-----+--------+

Top non-repeatable levels by time:
     D:1: 1471 daAuts
     D:2: 712 daAuts
     D:3: 409 daAuts
